 Dungeon Crawl Stone Soup version 0.30.1-4-g462c640d31 (webtiles) character file.

Game seed: 16594176982932423619

1 Cheops the Caller (level 1, -1/13 HPs)
             Began as a Merfolk Summoner on Sept 13, 2023.
             Slain by a frilled lizard (3 damage)
             ... on level 1 of the Dungeon.
             The game lasted 00:02:10 (115 turns).

Cheops the Caller (Merfolk Summoner)                 Turns: 115, Time: 00:02:11

Health: -1/13      AC:  2    Str:  8    XL:     1   Next: 20%
Magic:  2/3        EV: 12    Int: 14    God:
Gold:   0          SH:  0    Dex: 14    Spells: 3/4 levels left

rFire   . . .        (no weapon)
rCold   . . .        (no shield)
rNeg    . . .        a - +0 robe
rPois   .            (no helmet)
rElec   .            (no cloak)
rCorr   .            (no gloves)
SInv    .            (no boots)
Will    .....        (no amulet)
Stlth   ++           (no ring)
HPRegen 0.22/turn    (no ring)
MPRegen 0.08/turn

%: no passive effects
@: no status effects
A: (nimble swimmer 2), mertail
a: no special abilities


You were on level 1 of the Dungeon.
You visited 1 branch of the dungeon, and saw 1 of its levels.

Inventory:

Armour
 a - a +0 robe (worn)
Potions
 b - a potion of magic
 c - a potion of heal wounds {unknown}


   Skills:
 - Level 2.6 Dodging
 - Level 2.1 Stealth
 * Level 2.0 Spellcasting
 + Level 4.0 Summonings


You had 3 spell levels left.
You knew the following spells:

 Your Spells              Type           Power      Damage    Failure   Level
m - Summon Small Mammal   Summ           48%        N/A       4%          1

Your spell library contained the following spells:

 Spells                   Type           Power      Damage    Failure   Level
 Call Imp                 Summ           24%        N/A       7%          2
 Call Canine Familiar     Summ           12%        N/A       14%         3
 Necrotise                Necr           4%         1d4       24%         1
 Summon Guardian Golem    Hex/Summ       7%         N/A       30%         3
 Vampiric Draining        Necr           1%         2d6       56%         3
 Summon Lightning Spire   Summ/Air       7%         N/A       71%         4
 Agony                    Necr           1%         N/A       100%        5


Dungeon Overview and Level Annotations

Branches:
Dungeon (1/15)

Altars:


Innate Abilities, Weirdness & Mutations

((You are very nimble when in or above water. (Stealth+, EV+, Speed+++)))
Your lower body shifts to a powerful aquatic tail in water.


Message History

The rat twitches its whiskers.
Your quokka barely misses the frilled lizard.
Your quokka barely misses the frilled lizard.
The rat attacks as you move away! The rat bites you.
* * * LOW HITPOINT WARNING * * *
You barely miss the rat. The rat barely misses you.
You completely miss the rat. The rat bites you.
* * * LOW HITPOINT WARNING * * *
You hit the rat but do no damage.
Your quokka barely misses the frilled lizard.
The rat barely misses you.
You hit the rat.
The rat is severely wounded.
Your quokka barely misses the frilled lizard.
The rat bites you but does no damage.
You closely miss the rat.
The rat is severely wounded.
Your quokka misses the frilled lizard. The rat closely misses you.
You closely miss the rat.
The rat is severely wounded.
Your quokka barely misses the frilled lizard.
Something bites your quokka. The rat closely misses you.
You hit the rat.
You kill the rat!
Your quokka misses the frilled lizard. Something misses your quokka.
The frilled lizard bites your quokka.
You hit the frilled lizard but do no damage.
Your quokka completely misses the frilled lizard.
The frilled lizard bites you.
* * * LOW HITPOINT WARNING * * *
Something misses your quokka. The frilled lizard bites your quokka.
You hit the frilled lizard but do no damage.
Your quokka barely misses the frilled lizard.
The frilled lizard bites your quokka. The frilled lizard bites you.
* * * LOW HITPOINT WARNING * * *
Something bites your quokka.
Your quokka dies!
Your quokka's corpse disappears in a puff of smoke!
You miss the frilled lizard. The frilled lizard bites you.
You die...

####.### ##.......## .
###...######...### ..
#.......######### ..#
#...........##...###
...####)...⌠....##....#..#
.....#.......(.#######.##
..r##.......##.......(#
.####l.###...###......#.##
.llllll#.##### #@########
..####..ll.#####l#######
##..##.#...ll(......
#....lr.l..l########
#....#######.# #..##.. #.#
..... ..#. ### ###.#.#####
...(


You could see 4 frilled lizards.

Vanquished Creatures
  A frilled lizard (D:1)
  A rat (D:1)
2 creatures vanquished.

Notes
Turn   | Place    | Note
-------+----------+-------------------------------------------
     0 | D:1      | Cheops the Merfolk Summoner began the quest for the Orb.
     0 | D:1      | Reached XP level 1. HP: 13/13 MP: 3/3
   115 | D:1      | Slain by a frilled lizard

Illustrated notes

Levels and vault maps discovered:
D:1:      dpeg_arrival_three_same_balls, layout_rooms, serial_park_tiny_1,
          minmay_lizard_pond

Action                     || total
---------------------------++-------
  Melee: Unarmed           ||    14
   Cast: Summon Small Mamm ||     5
   Stab: Sleeping          ||     1
 Armour: Robe              ||     2
  Dodge: Dodged            ||    15
